EL
COLUMBIA FIREFLIES @ BILOXI SHUCKERS
07/12/2047
 
TOP OF THE 1ST
Columbia Fireflies batting - Pitching for Biloxi Shuckers : RHP Ronnie DeVries
Pitching: RHP Ronnie DeVries
Batting: RHB Zhao-ying Joe 0-0: Foul Ball, location: 2F
0-1: Ball
1-1: Foul Ball, location: 2F
1-2: SINGLE (Flyball, 8LS, EV 84.4 MPH)
Batting: LHB Jamel Alexander 0-0: Ball
Zhao-ying Joe steals 2nd base (no throw)
1-0: Called Strike
1-1: Foul Ball, location: 2F
1-2: Ball
2-2: Ball
3-2: Fly out, F3 (Popup, 3, EV 83.8 MPH)
Batting: SHB Jason Evans 0-0: Called Strike
0-1: Ball
1-1: Ball
2-1: Foul Ball, location: 2F
2-2: Foul Ball, location: 2F
2-2: Foul Ball, location: 2F
2-2: Ball
3-2: SINGLE (Groundball, 34D, EV 102.5 MPH)
Zhao-ying Joe to third
Batting: RHB Masaya Nakamura 0-0: Ball
Jason Evans steals 2nd base
1-0: Foul Ball, location: 2F
1-1: Fly out, F9 (Flyball, 9, EV 97.5 MPH)
Runner from 3rd tags up, SCORES, throw by RF
Batting: SHB Justin Wallace 0-0: Foul Ball, location: 2RF, Error on foul ball, E2
0-1: Foul Ball, location: 2F
0-2: Foul Ball, location: 2F
0-2: Ball
1-2: Foul Ball, location: 2F
1-2: Foul Ball, location: 2F
1-2: Ball
2-2: Ground out 4-3 (Groundball, 4D, EV 101.2 MPH)
Top of the 1st over - 1 run, 2 hits, 1 error, 1 left on base; Columbia 1 - Biloxi 0
BOTTOM OF THE 1ST
Biloxi Shuckers batting - Pitching for Columbia Fireflies : LHP Mike Capers
Pitching: LHP Mike Capers
Batting: RHB Hector Silva 0-0: Ball
1-0: Foul Ball, location: 2F
1-1: Called Strike
1-2: Ball
2-2: Foul Ball, location: 2F
2-2: Foul Ball, location: 2F
2-2: Foul Ball, location: 2F
2-2: Foul Ball, location: 2F
2-2: Strikes out looking
Batting: RHB Josh Nelson 0-0: Ball
1-0: Ball
2-0: Ball
3-0: Called Strike
3-1: Called Strike
3-2: Base on Balls
Batting: RHB Herb McIntyre 0-0: Ball
1-0: SINGLE (Line Drive, 9LS, EV 105.6 MPH)
Josh Nelson to second
Batting: RHB Ben Taylor 0-0: Swinging Strike
0-1: SINGLE (Groundball, 34D, EV 108.8 MPH)
Josh Nelson to third
Herb McIntyre to second
Runner from 3rd tries for Home, SAFE, throw by RF to home
Batting: RHB Steve Byerly 0-0: Called Strike
Herb McIntyre steals 3rd base
0-1: Fly out, F9 (Flyball, 9, EV 93.8 MPH)
Runner from 3rd tags up, SCORES, throw by RF
Batting: RHB Vinny Estrada 0-0: Ground out U3 (Groundball, 34S, EV 61.2 MPH)
Bottom of the 1st over - 2 runs, 2 hits, 0 errors, 1 left on base; Columbia 1 - Biloxi 2
TOP OF THE 2ND
Columbia Fireflies batting - Pitching for Biloxi Shuckers : RHP Ronnie DeVries
Batting: RHB Bobby Mabrey 0-0: Swinging Strike
0-1: Ground out 5-3 (Groundball, 5, EV 85.6 MPH)
Batting: RHB Dan Muse 0-0: Swinging Strike
0-1: Ball
1-1: Ball
2-1: Ball
3-1: Fly out, F8 (Flyball, 8LD, EV 104.4 MPH)
Batting: RHB David Stayton 0-0: Ball
1-0: Ball
2-0: Ground out 4-3 (Groundball, 4, EV 88.1 MPH)
Top of the 2nd over - 0 runs, 0 hits, 0 errors, 0 left on base; Columbia 1 - Biloxi 2
BOTTOM OF THE 2ND
Biloxi Shuckers batting - Pitching for Columbia Fireflies : LHP Mike Capers
Batting: SHB Sam Bingham 0-0: Ball
1-0: Swinging Strike
1-1: Fly out, F7 (Line Drive, 78M, EV 108.1 MPH)
Batting: RHB Cameron Rattenbury 0-0: Called Strike
0-1: Called Strike
0-2: Strikes out swinging
Batting: RHB Juan Villanueva 0-0: Called Strike
0-1: Ball
1-1: Fly out, F8 (Line Drive, 8RM, EV 110.0 MPH)
Bottom of the 2nd over - 0 runs, 0 hits, 0 errors, 0 left on base; Columbia 1 - Biloxi 2
TOP OF THE 3RD
Columbia Fireflies batting - Pitching for Biloxi Shuckers : RHP Ronnie DeVries
Batting: RHB Koen van Oort 0-0: Foul Ball, location: 2F
0-1: Ball
1-1: Ball
2-1: Swinging Strike
2-2: Ball
3-2: Ground out 6-3 (Groundball, 6S, EV 75.0 MPH)
Batting: RHB Zhao-ying Joe 0-0: Ball
1-0: Foul Ball, location: 2F
1-1: DOUBLE (Flyball, 8RD, EV 110.6 MPH)
Batting: LHB Jamel Alexander 0-0: Ball
1-0: SINGLE (Line Drive, 89S, EV 91.2 MPH)
Zhao-ying Joe to third
Runner from 3rd tries for Home, SAFE, throw by RF to home
Batting: SHB Jason Evans 0-0: Called Strike
0-1: Ball
1-1: Swinging Strike
1-2: Ball
2-2: Foul Ball, location: 2F
2-2: SINGLE (Groundball, P, EV 90.0 MPH) (infield hit)
Jamel Alexander to second
Batting: RHB Masaya Nakamura 0-0: Foul Ball, location: 2F
0-1: Ball
1-1: Fielders Choice at 2nd, 4-6 (Groundball, 4M, EV 83.1 MPH)
Jamel Alexander to third
Batting: SHB Justin Wallace 0-0: Ground out U3 (Groundball, 3L, EV 77.5 MPH)
Top of the 3rd over - 1 run, 3 hits, 0 errors, 2 left on base; Columbia 2 - Biloxi 2
BOTTOM OF THE 3RD
Biloxi Shuckers batting - Pitching for Columbia Fireflies : LHP Mike Capers
Batting: RHB Hector Silva 0-0: Called Strike
0-1: Ball
1-1: Called Strike
1-2: Ball
2-2: SINGLE (Line Drive, 6D, EV 100.0 MPH)
Batting: RHB Josh Nelson 0-0: Called Strike
Hector Silva steals 2nd base
0-1: Ball
1-1: Fly out, F9 (Flyball, 9S, EV 71.9 MPH)
Batting: RHB Herb McIntyre 0-0: Called Strike
0-1: Ball
1-1: Ball
2-1: Foul Ball, location: 2F
2-2: Ground out U3 (Groundball, 3L, EV 88.8 MPH)
Hector Silva to third
Batting: RHB Ben Taylor 0-0: Called Strike
0-1: Swinging Strike
0-2: Ball
1-2: Ball
2-2: Ball
3-2: SINGLE (Line Drive, 7S, EV 100.0 MPH)
Hector Silva scores
Batting: RHB Steve Byerly 0-0: Swinging Strike
0-1: Foul Ball, location: 2F
0-2: Strikes out looking
Bottom of the 3rd over - 1 run, 2 hits, 0 errors, 1 left on base; Columbia 2 - Biloxi 3
TOP OF THE 4TH
Columbia Fireflies batting - Pitching for Biloxi Shuckers : RHP Ronnie DeVries
Batting: RHB Bobby Mabrey 0-0: Foul Ball, location: 2F
0-1: Ball
1-1: Foul Ball, location: 2F
1-2: Fly out, F9 (Flyball, 9, EV 97.5 MPH)
Batting: RHB Dan Muse 0-0: Swinging Strike
0-1: Ball
1-1: Foul Ball, location: 2F
1-2: Ball
2-2: Ball
3-2: Strikes out swinging
Pitching: RHP Chris Bedard
Batting: RHB David Stayton 0-0: Ball
1-0: Ball
2-0: Ball
3-0: Base on Balls
Batting: RHB Koen van Oort 0-0: Ground out 5-3 (Groundball, 56S, EV 55.6 MPH)
Top of the 4th over - 0 runs, 0 hits, 0 errors, 1 left on base; Columbia 2 - Biloxi 3
BOTTOM OF THE 4TH
Biloxi Shuckers batting - Pitching for Columbia Fireflies : LHP Mike Capers
Batting: RHB Vinny Estrada 0-0: Foul Ball, location: 2F
0-1: Ball
1-1: Called Strike
1-2: Foul Ball, location: 2F
1-2: SINGLE (Groundball, 4S, EV 72.5 MPH) (infield hit)
Batting: SHB Sam Bingham 0-0: Ball
Vinny Estrada steals 2nd base
1-0: Called Strike
1-1: Ball
2-1: Foul Ball, location: 2F
2-2: Ground out 4-3 (Groundball, P, EV 91.2 MPH)
Vinny Estrada to third
Batting: RHB Cameron Rattenbury 0-0: Called Strike
0-1: Ball
1-1: Ball
2-1: Ground out U3 (Groundball, 3, EV 101.2 MPH)
Batting: RHB Juan Villanueva 0-0: Ball
1-0: Fly out, F4 (Popup, 34D, EV 46.9 MPH)
Bottom of the 4th over - 0 runs, 1 hit, 0 errors, 1 left on base; Columbia 2 - Biloxi 3
TOP OF THE 5TH
Columbia Fireflies batting - Pitching for Biloxi Shuckers : RHP Chris Bedard
Batting: RHB Zhao-ying Joe 0-0: Ball
1-0: Ball
2-0: Foul Ball, location: 2F
2-1: SINGLE (Groundball, 56, EV 98.1 MPH)
Batting: LHB Jamel Alexander 0-0: Ball
1-0: Ball
2-0: Foul Ball, location: 2F
2-1: Swinging Strike
2-2: Strikes out swinging
Batting: SHB Jason Evans 0-0: Ball
Zhao-ying Joe is caught stealing 2nd base 2-6
1-0: Foul Ball, location: 2F
1-1: Foul Ball, location: 2F
1-2: SINGLE (Groundball, 5L, EV 84.4 MPH) (infield hit)
Batting: RHB Masaya Nakamura 0-0: Ball
1-0: Foul Ball, location: 2F
1-1: Fly out, F9 (Flyball, 9, EV 96.2 MPH)
Top of the 5th over - 0 runs, 2 hits, 0 errors, 1 left on base; Columbia 2 - Biloxi 3
BOTTOM OF THE 5TH
Biloxi Shuckers batting - Pitching for Columbia Fireflies : LHP Mike Capers
Batting: RHB Hector Silva 0-0: Foul Ball, location: 2F
0-1: Foul Ball, location: 2F
0-2: Fly out, F8 (Flyball, 8LD, EV 100.0 MPH)
Batting: RHB Josh Nelson 0-0: Ball
1-0: Swinging Strike
1-1: Foul Ball, location: 2F
1-2: Ball
2-2: Foul Ball, location: 2F
2-2: SINGLE (Groundball, 56D, EV 106.2 MPH)
Batting: RHB Herb McIntyre 0-0: Ball
Wild Pitch!
Josh Nelson to second
1-0: Swinging Strike
1-1: Foul Ball, location: 2F
1-2: Ball
2-2: Foul Ball, location: 2F
2-2: SINGLE (Flyball, 7LS, EV 98.8 MPH)
Josh Nelson to third
Runner from 3rd tries for Home, SAFE, throw by LF to home
Batting: RHB Ben Taylor 0-0: Ball
1-0: DOUBLE (Line Drive, 7D, EV 93.8 MPH)
Herb McIntyre to third
Batting: RHB Steve Byerly 0-0: Called Strike
0-1: Fly out, F8 (Flyball, 78S, EV 87.5 MPH)
Batting: RHB Vinny Estrada 0-0: Called Strike
0-1: Ball
1-1: Foul Ball, location: 2F
1-2: Ball
2-2: Ball
3-2: Strikes out looking
Bottom of the 5th over - 1 run, 3 hits, 0 errors, 2 left on base; Columbia 2 - Biloxi 4
TOP OF THE 6TH
Columbia Fireflies batting - Pitching for Biloxi Shuckers : RHP Chris Bedard
Batting: SHB Justin Wallace 0-0: Ball
1-0: Called Strike
1-1: Ball
2-1: Foul Ball, location: 2F
2-2: Ball
3-2: Base on Balls
Batting: RHB Bobby Mabrey 0-0: Foul Ball, location: 2F
0-1: Ball
1-1: Foul Ball, location: 2F
1-2: Ball
2-2: Foul Ball, location: 2F
2-2: Ball
3-2: Grounds into double play, 6-4-3 (Groundball, 6, EV 104.4 MPH)
Batting: RHB Dan Muse 0-0: Ball
1-0: Swinging Strike
1-1: Swinging Strike
1-2: Strikes out swinging
Top of the 6th over - 0 runs, 0 hits, 0 errors, 0 left on base; Columbia 2 - Biloxi 4
BOTTOM OF THE 6TH
Biloxi Shuckers batting - Pitching for Columbia Fireflies : LHP Mike Capers
Batting: SHB Sam Bingham 0-0: Ball
1-0: Ball
2-0: DOUBLE (Line Drive, 7LS, EV 108.1 MPH)
Batting: RHB Cameron Rattenbury 0-0: Called Strike
0-1: Ground out 5-3 (Groundball, 56, EV 105.0 MPH)
Batting: RHB Juan Villanueva 0-0: Called Strike
0-1: Swinging Strike
0-2: Ball
1-2: Foul Ball, location: 2F
1-2: Ball
2-2: Fly out, F4 (Popup, 4M, EV 56.9 MPH)
Pitching: RHP Felipe Hinojosa
Batting: RHB Hector Silva 0-0: Called Strike
0-1: Ball
1-1: DOUBLE (Flyball, 8LXD, EV 115.6 MPH)
Sam Bingham scores
Batting: RHB Josh Nelson 0-0: Foul Ball, location: 2F
0-1: Ball
1-1: Ball
2-1: Ball
3-1: Base on Balls
Batting: RHB Herb McIntyre 0-0: Ball
Hector Silva steals 3rd base
1-0: Called Strike
1-1: Fielders Choice at 2nd, 6-4 (Groundball, 6, EV 103.8 MPH)
Bottom of the 6th over - 1 run, 2 hits, 0 errors, 2 left on base; Columbia 2 - Biloxi 5
TOP OF THE 7TH
Columbia Fireflies batting - Pitching for Biloxi Shuckers : RHP Chris Bedard
Pitching: RHP Josh Kenyon
Now in RF: Paul Collins
Batting: RHB David Stayton 0-0: Foul Ball, location: 2F
0-1: SINGLE (Line Drive, 89S, EV 92.5 MPH)
Batting: RHB Koen van Oort 0-0: Sac Bunt to 23 - play at first, batter OUT! 3-4
David Stayton to second
Batting: RHB Zhao-ying Joe 0-0: Foul Ball, location: 2F
0-1: Foul Ball, location: 2F
0-2: Strikes out looking
Batting: LHB Jamel Alexander 0-0: Ball
1-0: Called Strike
1-1: Swinging Strike
1-2: Ball
Wild Pitch!
David Stayton to third
2-2: Ball
3-2: Strikes out swinging, 2-3 out at first.
Top of the 7th over - 0 runs, 1 hit, 0 errors, 1 left on base; Columbia 2 - Biloxi 5
BOTTOM OF THE 7TH
Biloxi Shuckers batting - Pitching for Columbia Fireflies : RHP Felipe Hinojosa
Batting: RHB Ben Taylor 0-0: Called Strike
0-1: Ball
1-1: Foul Ball, location: 2F
1-2: Fly out, F7 (Flyball, 78M, EV 94.4 MPH)
Batting: RHB Steve Byerly 0-0: Ball
1-0: Ball
2-0: Ball
3-0: Base on Balls
Batting: RHB Vinny Estrada 0-0: Called Strike
0-1: Foul Ball, location: 2F
0-2: Strikes out swinging
Batting: SHB Sam Bingham 0-0: Ball
1-0: Foul Ball, location: 2F
1-1: Ball
2-1: Foul Ball, location: 2F
2-2: Ground out 4-3 (Groundball, 4, EV 86.2 MPH)
Bottom of the 7th over - 0 runs, 0 hits, 0 errors, 1 left on base; Columbia 2 - Biloxi 5
TOP OF THE 8TH
Columbia Fireflies batting - Pitching for Biloxi Shuckers : RHP Josh Kenyon
Batting: SHB Jason Evans 0-0: Ball
1-0: Foul Ball, location: 2F
1-1: Foul Ball, location: 2F
1-2: Ground out 4-3 (Groundball, 34D, EV 108.8 MPH)
Batting: RHB Masaya Nakamura 0-0: Ball
1-0: Foul Ball, location: 2F
1-1: Fly out, F9 (Flyball, 9S, EV 72.5 MPH)
Batting: SHB Justin Wallace 0-0: Ball
1-0: Ball
2-0: Called Strike
2-1: Swinging Strike
2-2: DOUBLE (Line Drive, 7LS, EV 98.1 MPH)
Batting: RHB Bobby Mabrey 0-0: Called Strike
0-1: Hit by Pitch
Batting: RHB Dan Muse 0-0: Swinging Strike
0-1: Foul Ball, location: 2F
0-2: Foul Ball, location: 2F
0-2: Ground out 5-3 (Groundball, 56S, EV 83.8 MPH)
Top of the 8th over - 0 runs, 1 hit, 0 errors, 2 left on base; Columbia 2 - Biloxi 5
BOTTOM OF THE 8TH
Biloxi Shuckers batting - Pitching for Columbia Fireflies : RHP Felipe Hinojosa
Batting: RHB Cameron Rattenbury 0-0: Foul Ball, location: 2F
0-1: Called Strike
0-2: Strikes out swinging
Batting: RHB Juan Villanueva 0-0: Ball
1-0: Called Strike
1-1: Foul Ball, location: 2F
1-2: Strikes out swinging
Batting: RHB Hector Silva 0-0: Called Strike
0-1: Foul Ball, location: 2F
0-2: Strikes out swinging
Bottom of the 8th over - 0 runs, 0 hits, 0 errors, 0 left on base; Columbia 2 - Biloxi 5
TOP OF THE 9TH
Columbia Fireflies batting - Pitching for Biloxi Shuckers : RHP Josh Kenyon
Pitching: RHP Tim Riley
Batting: RHB David Stayton 0-0: Ball
1-0: Swinging Strike
1-1: SINGLE (Groundball, 4MD, EV 96.9 MPH)
Batting: RHB Koen van Oort 0-0: Swinging Strike
0-1: Foul Ball, location: 2F
0-2: Foul Ball, location: 2F
0-2: Ball
1-2: Strikes out swinging
Batting: RHB Zhao-ying Joe 0-0: Called Strike
0-1: Ball
1-1: Foul Ball, location: 2F
1-2: Strikes out swinging
Batting: LHB Jamel Alexander 0-0: Called Strike
0-1: Ball
1-1: Ball
2-1: Swinging Strike
2-2: SINGLE (Groundball, 34D, EV 95.0 MPH)
David Stayton to second
Batting: SHB Jason Evans 0-0: Ground out 5-3 (Groundball, 6, EV 85.0 MPH)
Top of the 9th over - 0 runs, 2 hits, 0 errors, 2 left on base; Columbia 2 - Biloxi 5
Thursday, December 15th , 2022 - OOTP Baseball 23.9 Build 102